 Dungeon Crawl Stone Soup version 0.19.0-20-gbc5f0c6 (webtiles) character file.

1901 tizzy the Cleaver (level 8, -9/58 HPs)
             Began as a Demonspawn Fighter on Nov 17, 2016.
             Was a Priest of Okawaru.
             Mangled by an orc warrior
             ... wielding a +1 dire flail of holy wrath
              (17 damage)
             ... on level 5 of the Dungeon.
             The game lasted 00:13:49 (5854 turns).

tizzy the Cleaver (Demonspawn Fighter)              Turns: 5854, Time: 00:13:51

Health: -9/58      AC: 17    Str: 24    XL:     8   Next: 94%
Magic:  3/5        EV: 11    Int:  6    God:    Okawaru [***...]
Gold:   130        SH:  6    Dex: 13    Spells: 0 memorised, 7 levels left

rFire  . . .     SeeInvis .     v - +2 hand axe (antimagic)
rCold  + . .     Gourm    .     q - +1 chain mail of Hysteria {MR+ MP+9 Int-3 Slay+2} (curse)
rNeg   . . .     Faith    .     E - +0 buckler
rPois  .         Spirit   .     (helmet restricted)
rElec  .         Reflect  .     y - +1 cloak
rCorr  .         Harm     .     (no gloves)
MR     +....                    (no boots)
Stlth  ..........               u - amulet of rage
                                (no ring)
                                (no ring)

@: mighty, heroism
A: antennae 1, icy blue scales 1, cold resistance 1, powered by pain 1
a: Heroism, Renounce Religion, Evoke Berserk Rage


You were on level 5 of the Dungeon.
You worshipped Okawaru.
Okawaru was most pleased with you.
You were not hungry.

You visited 1 branch of the dungeon, and saw 6 of its levels.

You collected 384 gold pieces.
You spent 254 gold pieces at shops.

Inventory:

Hand Weapons
 a - a +0 war axe
 v - a +2 antimagic hand axe (weapon)
Missiles
 b - 10 curare-tipped needles
 B - 2 tomahawks (quivered)
Armour
 c - a +0 shield
 q - the cursed +1 chain mail of Hysteria (worn) {MR+ MP+9 Int-3 Slay+2}
   (You bought it in a shop on level 4 of the Dungeon)

   It affects your intelligence (-3).
   It affects your accuracy and damage with ranged weapons and melee attacks
   (+2).
   It affects your resistance to hostile enchantments.
   It affects your magic capacity (+9).
   It has a curse placed upon it.
 y - a +1 cloak (worn)
 E - a +0 buckler (worn)
Jewellery
 t - an uncursed amulet of guardian spirit
 u - an amulet of rage (around neck)
Wands
 s - a wand of acid (8/15)
Scrolls
 e - 3 scrolls of remove curse
 i - 3 scrolls of fear
 j - a scroll of amnesia
 o - 2 scrolls of enchant armour
 r - a scroll of teleportation
 C - a scroll of magic mapping
Potions
 d - 4 potions of might
 k - 2 potions of lignification {unknown}
 l - a potion of berserk rage {unknown}
 m - 3 potions of degeneration {unknown}
 p - 4 potions of curing {unknown}
 w - 2 potions of invisibility {unknown}
 x - 2 potions of flight {unknown}
 z - a potion of magic {unknown}
 A - a potion of brilliance {unknown}
 F - a potion of cancellation {unknown}
Comestibles
 f - 2 bread rations
 g - 2 royal jellies
 h - 3 chunks of flesh
 n - 5 meat rations
 D - a slice of pizza


   Skills:
 - Level 3.0(8.0) Fighting
 * Level 9.9(14.9) Axes
 + Level 5.1(10.1) Armour
 - Level 2.6(7.6) Shields


You had 7 spell levels left.
You didn't know any spells.

Dungeon Overview and Level Annotations

Branches:
Dungeon (6/15)             Temple (0/1) D:5

Altars:
Dithmenos
Gozag
Kikubaaqudgha
Okawaru
Vehumet

Shops:
D:4 [


Innate Abilities, Weirdness & Mutations

You have a pair of small antennae on your head.
You are partially covered in icy blue scales. (AC +2)
Your flesh is cold resistant. (rC+)
You sometimes gain a little power by taking damage.


Message History

You see here a whip.
The orc warrior barely misses you. A mysterious force pulls you upwards.
The hatch slams shut behind you.
You hit the orc warrior.
The orc warrior is lightly wounded.
The orc warrior hits you with a dire flail of holy wrath!
You convulse!
You gain the combat prowess of a mighty hero.
The orc warrior hits you with a dire flail of holy wrath.
You convulse.
You hit the orc warrior but do no damage.
The orc warrior is lightly wounded.
You barely miss the orc warrior.
The orc warrior is lightly wounded.
The orc warrior hits you with a dire flail of holy wrath!
* * * LOW HITPOINT WARNING * * *
You focus on the pain.
You feel very mighty all of a sudden.
You convulse!
You die...

###...........##.####
#.>....##[..##.#
###.#.....##..##.#
.................#
#####.....##..#..#
##...###..#..# ##
##### #..#..#
.####### #..#.o#
.......# #..#.@#
.#####.#####..#..# .#
#.#......#..# .#
#.....##.#..# .#
#.###.##.#..# .# #.#
#....#..# .#
#.###.#####.#
.#####.....#####.#
.##...##.........#


You could see an orc warrior.

Vanquished Creatures
  The ghost of mibe the Chopper, an amateur DDBe of Trog (D:5)
  The ghost of mibe the Chopper, an amateur DDBe of Trog (D:4)
  2 ice beasts
  A sky beast (D:5)
  An eye of draining (D:5)
  An ogre (D:6)
  2 centaurs (D:5)
  A scorpion (D:6)
  A bullfrog zombie (D:6)
  A bullfrog skeleton (D:6)
  4 hounds
  A jelly (D:5)
  3 orc priests
  3 orc wizards (D:5)
  Jessica (D:2)
  An iguana (D:5)
  4 worker ants
  Natasha (thrice) (D:2 D:4)
  Terence (D:3)
  A hound zombie (D:6)
  Robin (D:3)
  A gnoll (D:5)
  7 adders
  An ooze (D:1)
  An adder zombie (D:5)
  4 worms
  2 dart slugs (D:1)
  4 leopard geckos (D:2)
  23 orcs
  A bat zombie (D:5)
  3 giant cockroaches
  13 goblins
  9 hobgoblins
  4 jackals (D:5)
  9 kobolds
  4 quokkas
  A ball python (D:3)
  7 bats
  5 frilled lizards
  4 quokka skeletons
  12 rats
  4 rat zombies (D:5)
154 creatures vanquished.

Notes
Turn   | Place    | Note
-------+----------+-------------------------------------------
     0 | D:1      | tizzy the Demonspawn Fighter began the quest for the Orb.
     0 | D:1      | Reached XP level 1. HP: 18/18 MP: 1/1
    91 | D:1      | Reached skill level 2 in Axes
   121 | D:1      | Gained mutation: Your flesh is cold resistant. (rC+) [demonic ancestry]
   121 | D:1      | Reached XP level 2. HP: 24/24 MP: 2/2
   326 | D:1      | Reached skill level 3 in Axes
   532 | D:1      | Reached XP level 3. HP: 27/29 MP: 3/3
   802 | D:2      | Noticed Jessica
   815 | D:2      | Killed Jessica
   815 | D:2      | Reached skill level 4 in Axes
   815 | D:2      | Reached XP level 4. HP: 26/35 MP: 4/4
   933 | D:2      | Noticed Natasha
   957 | D:2      | Killed Natasha
  1291 | D:2      | Found an iron altar of Okawaru.
  1301 | D:2      | Became a worshipper of Warmaster Okawaru
  1700 | D:3      | Found a faded altar of an unknown god.
  1710 | D:3      | Gained mutation: You have a pair of small antennae on your head. [demonic ancestry]
  1710 | D:3      | Reached XP level 5. HP: 39/41 MP: 5/5
  1731 | D:3      | Noticed Terence
  1751 | D:3      | Killed Terence
  1751 | D:3      | Reached skill level 5 in Axes
  2430 | D:3      | Noticed Robin
  2749 | D:3      | Killed Robin
  2749 | D:3      | Gained mutation: You are partially covered in icy blue scales. (AC +2) [demonic ancestry]
  2749 | D:3      | Reached XP level 6. HP: 32/47 MP: 2/6
  2994 | D:4      | Found a radiant altar of Vehumet.
  3057 | D:4      | Noticed mibe's ghost (amateur DDBe)
  3106 | D:4      | Killed mibe's ghost
  3106 | D:4      | Reached * piety under Okawaru
  3106 | D:4      | Reached skill level 6 in Axes
  3316 | D:4      | Noticed Natasha
  3338 | D:4      | Killed Natasha
  3369 | D:4      | Noticed Natasha
  3380 | D:4      | Killed Natasha
  3439 | D:4      | Found Wisitt's Armour Boutique.
  3442 | D:4      | Bought the cursed +1 chain mail of Hysteria {MR+ MP+9 Int-3 Slay+2} for 254 gold pieces
  3812 | D:5      | Entered Level 5 of the Dungeon
  3827 | D:5      | Noticed a sky beast
  3852 | D:5      | Killed a sky beast
  3852 | D:5      | Reached skill level 7 in Axes
  3852 | D:5      | Reached XP level 7. HP: 33/52 MP: 5/7
  4108 | D:5      | Noticed mibe's ghost (amateur DDBe)
  4441 | D:5      | Found an ancient bone altar of Kikubaaqudgha.
  4556 | D:5      | Reached ** piety under Okawaru
  4556 | D:5      | Reached skill level 8 in Axes
  4795 | D:5      | Found a staircase to the Ecumenical Temple.
  4940 | D:5      | Killed mibe's ghost
  4940 | D:5      | Gained mutation: You sometimes gain a little power by taking damage. [demonic ancestry]
  4940 | D:5      | Reached XP level 8. HP: 41/58 MP: 5/8
  5146 | D:5      | Reached skill level 9 in Axes
  5251 | D:5      | Found an opulent altar of Gozag.
  5311 | D:5      | Reached *** piety under Okawaru
  5590 | D:6      | Found a shadowy altar of Dithmenos.
  5598 | D:6      | Reached skill level 5 in Armour
  5854 | D:5      | Mangled by an orc warrior

Skill      XL: |  1  2  3  4  5  6  7  8 |
---------------+-------------------------+-----
Axes           | 2 3 4 5 7 8 9 |  9.9
Armour         | 3 5 |  5.1
Fighting       | |  3.0
Shields        | |  2.6

Action                   |  1- 3 |  4- 6 |  7- 9 || total
-------------------------+-------+-------+-------++-------
Melee: War axe           |   114 |    84 |       ||   198
       Hand axe          |       |   207 |   317 ||   524
Invok: Heroism           |       |       |     1 ||     1
  Use: Scroll            |       |     8 |       ||     8
  Eat: Chunk             |       |     8 |     8 ||    16
       Beef jerky        |       |     1 |       ||     1
Armor: Scale mail        |    72 |   103 |       ||   175
       Chain mail        |       |    13 |   144 ||   157
Dodge: Dodged            |    39 |    60 |    50 ||   149
Block: Shield            |    61 |   113 |    68 ||   242
       Buckler           |       |       |    16 ||    16
